Chicago Black Hawks vs Winnipeg Jets
(R1)
Created - Tuesday, March 14, 2023 at 07:28
Goals
|
| Chicago Black Hawks |
1 |
0 |
4 |
5 |
| Winnipeg Jets |
3 |
1 |
2 |
6 |
|
Shots
|
| Chicago Black Hawks |
12 |
10 |
15 |
37 |
| Winnipeg Jets |
15 |
11 |
16 |
42 |
|
1st period
1. Chicago Black Hawks , Phillip Danault 1 (Nikolaj Ehlers 1, Tom Wilson 1) at 1:06
2. Winnipeg Jets , Nick Suzuki 1 (Andrew Copp 1, Jonathan Marchessault 1) at 2:05
3. Winnipeg Jets , Nick Suzuki 2 (Seth Jones 2, Jonathan Marchessault 2) at 3:20
4. Winnipeg Jets , Connor McDavid 2 (Ryan Nugent-Hopkins 2) at 18:33
Penalties :
Kevin Shattenkirk (WPG) for Interference (Minor) at 10:50, Mikhail Sergachev (CHI) for Hooking (Minor) at 14:35
2nd period
5. Winnipeg Jets , Andrew Copp 1 (Nick Suzuki 1, Jonathan Marchessault 3) at 3:34
Penalties :
Rasmus Ristolainen (CHI) for Hooking (Minor) at 1:23, Connor McDavid (WPG) for High sticking (Minor) at 8:11, Jacob Trouba (WPG) for Hooking (Minor) at 19:21
3rd period
6. Chicago Black Hawks , Chris Kreider 1 (Steven Stamkos 1, Matt Duchene 3) at 0:22 (PP)
7. Chicago Black Hawks , Matt Duchene 2 (Mikhail Sergachev 3, Travis Konecny 3) at 3:31
8. Winnipeg Jets , Ryan Nugent-Hopkins 1 (Connor McDavid 1, Mark Stone 1) at 8:24
9. Chicago Black Hawks , Steven Stamkos 4 (Matthew Tkachuk 2, Chris Kreider 3) at 10:09
10. Chicago Black Hawks , Steven Stamkos 5 (Matthew Tkachuk 3, Chris Kreider 4) at 14:49
11. Winnipeg Jets , Dylan Larkin 1 (Mathew Barzal 1, Brandon Montour 2) at 19:58 (PP)
Penalties :
Matthew Tkachuk (CHI) for Hooking (Minor) at 3:38, Aaron Ekblad (WPG) for Interference (Minor) at 10:26, Brent Burns (CHI) for Hooking (Minor) at 15:10, Devon Toews (CHI) for Roughing (Minor) at 18:58
Goalie Stats
Ilya Sorokin (CHI), 36 saves from 42 shots - (0.857), L, 1-1-0, 60:00 minutes
Connor Hellebuyck (WPG), 32 saves from 37 shots - (0.865), W, 2-0-0, 60:00 minutes
Players Stats for Chicago Black Hawks
Player Name G A P +/- PIM S H SB GA TA FO MP PP MP PK MP
------------------------------------------------------------------------------------
Andrew Peeke 0 0 0 -2 0 0 2 1 0 1 0/0 15:08 0:00 6:18
Anthony Cirelli 0 0 0 0 0 2 0 0 1 0 6/16 10:36 0:00 5:24
Bo Horvat 0 0 0 -1 0 0 2 1 0 0 11/19 16:00 2:37 1:03
Brent Burns 0 0 0 -1 2 2 0 3 0 1 0/0 24:20 4:32 0:45
Chris Kreider 1 2 3 -2 0 4 0 0 1 0 0/1 20:58 3:17 1:03
Devon Toews 0 0 0 0 2 0 1 2 0 0 0/0 24:42 2:26 3:19
Lawson Crouse 0 0 0 0 0 1 0 0 0 0 0/0 10:36 0:00 5:24
Matt Duchene 1 1 2 0 0 4 0 0 1 1 0/1 16:33 4:21 0:00
Matthew Tkachuk 0 2 2 -1 2 0 1 0 1 1 0/2 18:33 2:17 0:00
Mikhail Sergachev 0 1 1 2 2 4 1 0 0 0 0/0 23:47 4:32 2:44
Nikolaj Ehlers 0 1 1 1 0 4 0 1 0 0 0/0 11:24 1:04 0:00
Phillip Danault 1 0 1 1 0 1 0 0 1 2 6/10 12:41 0:00 2:29
Rasmus Andersson 0 0 0 -3 0 0 1 2 0 0 0/0 15:43 2:26 0:45
Rasmus Ristolainen 0 0 0 1 2 3 1 1 0 0 0/0 16:35 0:00 4:01
Steven Stamkos 2 1 3 -1 0 7 2 1 2 0 22/35 19:31 3:17 0:00
Tom Wilson 0 1 1 1 0 0 1 0 1 0 0/2 11:44 1:24 0:00
Travis Konecny 0 1 1 0 0 5 1 0 0 1 0/0 14:33 2:37 0:00
Zach Parise 0 0 0 0 0 0 0 0 0 0 0/0 7:34 0:00 2:29
Players Stats for Winnipeg Jets
Player Name G A P +/- PIM S H SB GA TA FO MP PP MP PK MP
------------------------------------------------------------------------------------
Aaron Ekblad 0 0 0 3 2 1 0 2 1 1 0/0 26:03 6:35 3:26
Andrew Cogliano 0 0 0 0 0 1 0 0 0 0 0/0 10:56 0:00 4:18
Andrew Copp 1 1 2 2 0 5 1 2 0 0 0/1 12:03 0:00 1:55
Brandon Montour 0 1 1 -1 0 3 3 0 0 0 0/0 29:02 6:35 2:15
Connor McDavid 1 1 2 0 2 5 0 1 1 1 24/46 20:45 5:17 0:00
Dylan Larkin 1 0 1 -1 0 4 2 1 3 0 6/10 15:36 3:39 0:00
Jacob Trouba 0 0 0 -1 2 0 2 4 0 0 0/0 16:08 0:00 2:15
John Klingberg 0 0 0 -1 0 1 0 0 0 1 0/0 11:56 2:21 0:40
Jonathan Marchessault 0 3 3 2 0 0 1 1 0 0 0/0 9:59 0:00 0:00
Kevin Shattenkirk 0 0 0 0 2 0 1 0 0 1 0/0 9:57 0:00 3:31
Kyle Palmieri 0 0 0 0 0 2 0 0 0 0 0/1 6:28 0:00 0:00
Mark Stone 0 1 1 0 0 4 1 0 0 0 0/0 21:32 5:17 0:51
Mathew Barzal 0 1 1 -1 0 2 2 0 1 0 0/0 16:13 3:39 0:33
Nick Suzuki 2 1 3 2 0 5 2 0 1 0 6/10 12:02 0:00 1:55
Pius Suter 0 0 0 0 0 1 1 0 0 0 5/16 10:58 0:00 4:24
Ryan Nugent-Hopkins 1 1 2 0 0 3 0 0 0 2 0/1 20:41 5:17 0:00
Seth Jones 0 1 1 2 0 4 2 1 0 2 0/0 27:03 2:21 1:49
Tyler Toffoli 0 0 0 -1 0 1 1 0 0 0 0/1 15:36 3:39 0:00
3 Stars
1 - Nick Suzuki (WPG)
2 - Steven Stamkos (CHI)
3 - Andrew Copp (WPG)
Power Play
Chicago Black Hawks - 1 on 3 Attempt(s) - 33.33%
Winnipeg Jets - 1 on 6 Attempt(s) - 16.67%
Penalty Kill
Chicago Black Hawks - 5 on 6 Attempt(s) - 83.33%
- Score 0 goal in Penalty Kill
Winnipeg Jets - 2 on 3 Attempt(s) - 66.67%
- Score 0 goal in Penalty Kill
Team Stat
Chicago Black Hawks - Hits : 13 - Faceoff Wins : 45 - Blocked Shots : 12 - Penalty Minutes : 10
Winnipeg Jets - Hits : 19 - Faceoff Wins : 41 - Blocked Shots : 12 - Penalty Minutes : 8
Official
Referees : Dan O'Halloran and Evgeny Romasko
Linesman : David Brisebois and Brad Kovachik
Game Notes
18:33 of 1st period - Winnipeg Jets goal is going for a video replay. After video review, Goal.
18:41 of 1st period - Penalty Shot by Devon Toews for Chicago Black Hawks - Shot Misses the Net
Finance
Level 1 -- Attendance: 5667 (94.45%) -- Ticket Income $521,364
Level 2 -- Attendance: 4510 (90.20%) -- Ticket Income $248,050
Level 3 -- Attendance: 3000 (100.00%) -- Ticket Income $90,000
Level 4 -- Attendance: 5000 (100.00%) -- Ticket Income $110,000
Luxury Box -- Attendance: 912 (91.20%) -- Ticket Income $173,280
Game was played at the MTS Centre.
Total Attendance: 19089 (95.45%)
Total Ticket Income: $1,142,694
Other Income: $399,943
Total Income: $1,542,637
Chicago Black Hawks
5 vs 5 Forward
Center Left Wing Right Wing Time % Phy DF OF
1 Steven Stamkos Chris Kreider Matthew Tkachuk 40 0 1 4
2 Bo Horvat Travis Konecny Matt Duchene 30 0 1 4
3 Phillip Danault Nikolaj Ehlers Tom Wilson 20 0 2 3
4 Anthony Cirelli Zach Parise Lawson Crouse 10 0 2 3
5 vs 5 Defense
Defense Defense Time % Phy DF OF
1 Brent Burns Devon Toews 40 0 1 4
2 Rasmus Ristolainen Mikhail Sergachev 30 0 2 3
3 Rasmus Andersson Andrew Peeke 20 0 2 3
4 Mikhail Sergachev Rasmus Andersson 10 0 2 3
PowerPlay Forward
Center Left Wing Right Wing Time % Phy DF OF
1 Steven Stamkos Chris Kreider Matt Duchene 60 0 0 5
2 Bo Horvat Matthew Tkachuk Travis Konecny 40 0 0 5
PowerPlay Defense
Defense Defense Time % Phy DF OF
1 Brent Burns Mikhail Sergachev 60 0 0 5
2 Devon Toews Rasmus Andersson 40 0 0 5
Penalty Kill 4 Players Forward
Center Wing Time % Phy DF OF
1 Anthony Cirelli Lawson Crouse 60 0 5 0
2 Phillip Danault Zach Parise 40 0 5 0
Penalty Kill 4 Players Defense
Defense Defense Time % Phy DF OF
1 Andrew Peeke Rasmus Ristolainen 60 0 5 0
2 Devon Toews Mikhail Sergachev 40 0 5 0
Penalty Kill - 3 Players Forward
Forward Time % Phy DF OF
1 Anthony Cirelli 60 0 5 0
2 Phillip Danault 40 0 5 0
Penalty Kill - 3 Players Defense
Defense Defense Time % Phy DF OF
1 Brent Burns Andrew Peeke 60 0 5 0
2 Devon Toews Rasmus Ristolainen 40 0 5 0
4 vs 4 Forward
Center Wing Time % Phy DF OF
1 Phillip Danault Nikolaj Ehlers 60 0 2 3
2 Bo Horvat Tom Wilson 40 1 2 2
4 vs 4 Defense
Defense Defense Time % Phy DF OF
1 Andrew Peeke Rasmus Ristolainen 60 0 3 2
2 Devon Toews Brent Burns 40 0 2 3
Last Minutes Offensive
Center Left Wing Right Wing Defense Defense
Steven Stamkos Chris Kreider Matt Duchene Brent Burns Devon Toews
Last Minutes Defensive
Center Left Wing Right Wing Defense Defense
Anthony Cirelli Lawson Crouse Phillip Danault Rasmus Ristolainen Andrew Peeke
Goaltenders
Starting : Ilya Sorokin
Backup : Kevin Lankinen
Extra Forwards
Normal : Lawson Crouse, Tom Wilson, Phillip Danault - PP : Tom Wilson, Nikolaj Ehlers - PK : Bo Horvat
Extra Defensemen
Normal : Rasmus Ristolainen, Andrew Peeke, Devon Toews - PP : Rasmus Ristolainen - PK : Andrew Peeke, Devon Toews
Penalty Shots
Anthony Cirelli, Zach Parise, Devon Toews, Matt Duchene, Rasmus Ristolainen
Winnipeg Jets
5 vs 5 Forward
Center Left Wing Right Wing Time % Phy DF OF
1 Connor McDavid Ryan Nugent-Hopkins Mark Stone 40 1 1 3
2 Dylan Larkin Mathew Barzal Tyler Toffoli 30 1 1 3
3 Nick Suzuki Jonathan Marchessault Andrew Copp 20 1 2 2
4 Pius Suter Andrew Cogliano Kyle Palmieri 10 1 2 2
5 vs 5 Defense
Defense Defense Time % Phy DF OF
1 Aaron Ekblad Seth Jones 40 1 2 2
2 Brandon Montour Jacob Trouba 30 1 2 2
3 Kevin Shattenkirk Seth Jones 20 1 2 2
4 John Klingberg Brandon Montour 10 1 2 2
PowerPlay Forward
Center Left Wing Right Wing Time % Phy DF OF
1 Connor McDavid Ryan Nugent-Hopkins Mark Stone 60 1 0 4
2 Dylan Larkin Mathew Barzal Tyler Toffoli 40 1 1 3
PowerPlay Defense
Defense Defense Time % Phy DF OF
1 Aaron Ekblad Brandon Montour 60 1 1 3
2 John Klingberg Seth Jones 40 1 2 2
Penalty Kill 4 Players Forward
Center Wing Time % Phy DF OF
1 Pius Suter Andrew Cogliano 60 1 3 1
2 Nick Suzuki Andrew Copp 40 1 3 1
Penalty Kill 4 Players Defense
Defense Defense Time % Phy DF OF
1 Aaron Ekblad Kevin Shattenkirk 60 1 3 1
2 Jacob Trouba Brandon Montour 40 1 3 1
Penalty Kill - 3 Players Forward
Forward Time % Phy DF OF
1 Pius Suter 60 1 2 2
2 Andrew Copp 40 1 2 2
Penalty Kill - 3 Players Defense
Defense Defense Time % Phy DF OF
1 Aaron Ekblad Kevin Shattenkirk 60 1 2 2
2 Jacob Trouba Seth Jones 40 1 2 2
4 vs 4 Forward
Center Wing Time % Phy DF OF
1 Nick Suzuki Mark Stone 60 1 2 2
2 Connor McDavid Jonathan Marchessault 40 1 2 2
4 vs 4 Defense
Defense Defense Time % Phy DF OF
1 John Klingberg Jacob Trouba 60 1 2 2
2 Kevin Shattenkirk Aaron Ekblad 40 1 2 2
Last Minutes Offensive
Center Left Wing Right Wing Defense Defense
Connor McDavid Ryan Nugent-Hopkins Tyler Toffoli Aaron Ekblad Brandon Montour
Last Minutes Defensive
Center Left Wing Right Wing Defense Defense
Pius Suter Andrew Cogliano Andrew Copp Kevin Shattenkirk Jacob Trouba
Goaltenders
Starting : Connor Hellebuyck
Backup : Jake Allen
Extra Forwards
Normal : Jonathan Marchessault, Mathew Barzal, Kyle Palmieri - PP : Jonathan Marchessault, Nick Suzuki - PK : Mark Stone
Extra Defensemen
Normal : John Klingberg, Brandon Montour, Seth Jones - PP : Jacob Trouba - PK : Seth Jones, John Klingberg
Penalty Shots
Connor McDavid, Ryan Nugent-Hopkins, Dylan Larkin, Nick Suzuki, Andrew Copp
% Time on Ice - Chicago Black Hawks
Lines # - Real PCT - Wanted PCT - Time Play
Normal Forward
1 - 38% - 40% - 16:52
2 - 27% - 30% - 11:56
3 - 23% - 20% - 10:12
4 - 12% - 10% - 5:05
Normal Defense
1 - 44% - 40% - 19:23
2 - 29% - 30% - 12:58
3 - 19% - 20% - 8:23
4 - 8% - 10% - 3:21
PP Forward
1 - 62% - 60% - 4:21
2 - 38% - 40% - 2:37
PP Defense
1 - 65% - 60% - 4:32
2 - 35% - 40% - 2:26
PK Forward
1 - 72% - 60% - 6:27
2 - 28% - 40% - 2:29
PK Defense
1 - 61% - 60% - 5:29
2 - 39% - 40% - 3:27
PK3 Forward
1 - 0% - 60%
2 - 0% - 40%
PK3 Defense
1 - 0% - 60%
2 - 0% - 40%
44 Forward
1 - 0% - 60%
2 - 0% - 40%
44 Defense
1 - 0% - 60%
2 - 0% - 40%
Last Minute Offensive - 0:01
Last Minute Defensive - 0:00
Total
Forward - 60:00
Defense - 60:00
|
% Time on Ice - Winnipeg Jets
Lines # - Real PCT - Wanted PCT - Time Play
Normal Forward
1 - 35% - 40% - 15:33
2 - 27% - 30% - 12:05
3 - 23% - 20% - 9:59
4 - 15% - 10% - 6:28
Normal Defense
1 - 36% - 40% - 16:03
2 - 36% - 30% - 16:05
3 - 13% - 20% - 5:50
4 - 14% - 10% - 6:07
PP Forward
1 - 59% - 60% - 5:17
2 - 41% - 40% - 3:39
PP Defense
1 - 74% - 60% - 6:35
2 - 26% - 40% - 2:21
PK Forward
1 - 72% - 60% - 5:03
2 - 28% - 40% - 1:55
PK Defense
1 - 68% - 60% - 4:43
2 - 32% - 40% - 2:15
PK3 Forward
1 - 0% - 60%
2 - 0% - 40%
PK3 Defense
1 - 0% - 60%
2 - 0% - 40%
44 Forward
1 - 0% - 60%
2 - 0% - 40%
44 Defense
1 - 0% - 60%
2 - 0% - 40%
Last Minute Offensive - 0:00
Last Minute Defensive - 0:01
Total
Forward - 60:00
Defense - 60:00
|
Play-by-Play
1st period
0:01 of 1st period - Steven Stamkos wins face-off versus Connor McDavid in neutral zone.
0:06 of 1st period - Snap shot by Matthew Tkachuk.
0:06 of 1st period - Shot Misses the Net.
0:08 of 1st period - Snap shot by Brent Burns.
0:08 of 1st period - Deflect By Chris Kreider.
0:08 of 1st period - Shot Misses the Net.
0:08 of 1st period - Puck is out of play.
0:09 of 1st period - Connor McDavid wins face-off versus Steven Stamkos in Winnipeg Jets zone.
0:24 of 1st period - Slapshot by Matthew Tkachuk.
0:24 of 1st period - Shot Misses the Net.
0:26 of 1st period - Snap shot by Chris Kreider.
0:26 of 1st period - Shot Misses the Net.
0:28 of 1st period - Slapshot by Steven Stamkos.
0:28 of 1st period - Deflect By Chris Kreider.
0:28 of 1st period - Shot Misses the Net.
0:28 of 1st period - Puck is out of play.
0:29 of 1st period - Bo Horvat wins face-off versus Dylan Larkin in Winnipeg Jets zone.
1:06 of 1st period - Snap shot by Nikolaj Ehlers.
1:06 of 1st period - Deflect By Phillip Danault.
1:06 of 1st period - Goal by Phillip Danault - Chicago Black Hawks : 1 - Winnipeg Jets : 0.
1:07 of 1st period - Anthony Cirelli wins face-off versus Pius Suter in neutral zone.
1:18 of 1st period - Wrist shot by Anthony Cirelli.
1:18 of 1st period - Stopped by Connor Hellebuyck with a rebound.
1:32 of 1st period - Matthew Tkachuk is hit by Seth Jones and loses puck.
2:05 of 1st period - Slapshot by Nick Suzuki.
2:05 of 1st period - Goal by Nick Suzuki - Chicago Black Hawks : 1 - Winnipeg Jets : 1.
2:06 of 1st period - Dylan Larkin wins face-off versus Bo Horvat in neutral zone.
2:09 of 1st period - Devon Toews is hit by Dylan Larkin and loses puck.
2:18 of 1st period - Snap shot by Matt Duchene.
2:18 of 1st period - Deflect By Travis Konecny.
2:18 of 1st period - Stopped by Connor Hellebuyck without a rebound.
2:19 of 1st period - Phillip Danault wins face-off versus Connor McDavid in Winnipeg Jets zone.
2:50 of 1st period - Mikhail Sergachev is hit by Mathew Barzal and loses puck.
3:09 of 1st period - Steven Stamkos is hit by Nick Suzuki and loses puck.
3:16 of 1st period - Snap shot by Jonathan Marchessault.
3:16 of 1st period - Shot Misses the Net.
3:18 of 1st period - Slapshot by Seth Jones.
3:18 of 1st period - Stopped by Ilya Sorokin with a rebound.
3:20 of 1st period - Snap shot by Nick Suzuki.
3:20 of 1st period - Goal by Nick Suzuki - Chicago Black Hawks : 1 - Winnipeg Jets : 2.
3:21 of 1st period - Phillip Danault wins face-off versus Ryan Nugent-Hopkins in neutral zone.
3:36 of 1st period - Wrist shot by Phillip Danault.
3:36 of 1st period - Shot Blocked by Jacob Trouba.
3:55 of 1st period - Slapshot by Matt Duchene.
3:55 of 1st period - Deflect By Travis Konecny.
3:55 of 1st period - Stopped by Connor Hellebuyck without a rebound.
3:56 of 1st period - Steven Stamkos wins face-off versus Kyle Palmieri in Winnipeg Jets zone.
3:59 of 1st period - Snap shot by Chris Kreider.
3:59 of 1st period - Shot Misses the Net.
4:01 of 1st period - Slapshot by Brent Burns.
4:01 of 1st period - Shot Misses the Net.
4:03 of 1st period - Snap shot by Chris Kreider.
4:03 of 1st period - Stopped by Connor Hellebuyck without a rebound.
4:04 of 1st period - Steven Stamkos wins face-off versus Pius Suter in Winnipeg Jets zone.
4:05 of 1st period - Wrist shot by Chris Kreider.
4:05 of 1st period - Stopped by Connor Hellebuyck without a rebound.
4:06 of 1st period - Steven Stamkos wins face-off versus Pius Suter in Winnipeg Jets zone.
4:09 of 1st period - Snap shot by Matthew Tkachuk.
4:09 of 1st period - Shot Misses the Net.
4:21 of 1st period - Wrist shot by Pius Suter.
4:21 of 1st period - Stopped by Ilya Sorokin with a rebound.
4:23 of 1st period - Wrist shot by Andrew Cogliano.
4:23 of 1st period - Stopped by Ilya Sorokin with a rebound.
4:41 of 1st period - Snap shot by Kyle Palmieri.
4:41 of 1st period - Stopped by Ilya Sorokin without a rebound.
4:42 of 1st period - Bo Horvat wins face-off versus Dylan Larkin in Chicago Black Hawks zone.
4:47 of 1st period - Snap shot by Matt Duchene.
4:47 of 1st period - Shot Misses the Net.
4:59 of 1st period - Snap shot by Matt Duchene.
4:59 of 1st period - Shot Blocked by Dylan Larkin.
5:09 of 1st period - Zach Parise is hit by Brandon Montour and loses puck.
5:20 of 1st period - Lawson Crouse is hit by Mark Stone and loses puck.
5:37 of 1st period - Nick Suzuki is hit by Tom Wilson and loses puck.
6:01 of 1st period - Off-side.
6:02 of 1st period - Bo Horvat wins face-off versus Dylan Larkin in neutral zone.
6:09 of 1st period - Brent Burns is hit by Kevin Shattenkirk and loses puck.
6:15 of 1st period - Icing by Devon Toews.
6:16 of 1st period - Bo Horvat wins face-off versus Connor McDavid in Chicago Black Hawks zone.
6:31 of 1st period - Snap shot by Travis Konecny.
6:31 of 1st period - Stopped by Connor Hellebuyck with a rebound.
6:59 of 1st period - Slapshot by Andrew Copp.
6:59 of 1st period - Deflect By Jonathan Marchessault.
6:59 of 1st period - Shot Blocked by Bo Horvat.
6:59 of 1st period - Puck is out of play.
7:00 of 1st period - Steven Stamkos wins face-off versus Tyler Toffoli in Chicago Black Hawks zone.
7:17 of 1st period - Backhand shot by Dylan Larkin.
7:17 of 1st period - Stopped by Ilya Sorokin without a rebound.
7:18 of 1st period - Phillip Danault wins face-off versus Connor McDavid in Chicago Black Hawks zone.
7:27 of 1st period - Slapshot by Phillip Danault.
7:27 of 1st period - Shot Blocked by Aaron Ekblad.
7:29 of 1st period - Snap shot by Rasmus Ristolainen.
7:29 of 1st period - Stopped by Connor Hellebuyck with a rebound.
7:45 of 1st period - Aaron Ekblad is hit by Rasmus Ristolainen and loses puck.
9:41 of 1st period - Wrist shot by Travis Konecny.
9:41 of 1st period - Deflect By Matt Duchene.
9:41 of 1st period - Stopped by Connor Hellebuyck without a rebound.
9:42 of 1st period - Steven Stamkos wins face-off versus Connor McDavid in Winnipeg Jets zone.
10:50 of 1st period - Minor Penalty to Kevin Shattenkirk for Interference.
10:51 of 1st period - Pius Suter wins face-off versus Steven Stamkos in Winnipeg Jets zone.
11:05 of 1st period - Aaron Ekblad is hit by Mikhail Sergachev and loses puck.
11:30 of 1st period - Snap shot by Travis Konecny.
11:30 of 1st period - Shot Blocked by Andrew Copp.
11:42 of 1st period - Andrew Cogliano is hit by Travis Konecny and loses puck.
12:50 of 1st period - Penalty to Kevin Shattenkirk is over, Kevin Shattenkirk is back on ice.
13:09 of 1st period - Wrist shot by Phillip Danault.
13:09 of 1st period - Shot Blocked by Aaron Ekblad.
13:25 of 1st period - Slapshot by Lawson Crouse.
13:25 of 1st period - Stopped by Connor Hellebuyck without a rebound.
13:26 of 1st period - Anthony Cirelli wins face-off versus Andrew Copp in Winnipeg Jets zone.
13:31 of 1st period - Wrist shot by Lawson Crouse.
13:31 of 1st period - Shot Misses the Net.
13:33 of 1st period - Slapshot by Anthony Cirelli.
13:33 of 1st period - Stopped by Connor Hellebuyck without a rebound.
13:34 of 1st period - Connor McDavid wins face-off versus Anthony Cirelli in Winnipeg Jets zone.
13:36 of 1st period - Icing by Ryan Nugent-Hopkins.
13:37 of 1st period - Steven Stamkos wins face-off versus Connor McDavid in Winnipeg Jets zone.
13:52 of 1st period - Wrist shot by Matthew Tkachuk.
13:52 of 1st period - Shot Misses the Net.
13:54 of 1st period - Slapshot by Rasmus Ristolainen.
13:54 of 1st period - Stopped by Connor Hellebuyck with a rebound.
14:35 of 1st period - Minor Penalty to Mikhail Sergachev for Hooking.
14:36 of 1st period - Connor McDavid wins face-off versus Anthony Cirelli in Chicago Black Hawks zone.
14:42 of 1st period - Wrist shot by Connor McDavid.
14:42 of 1st period - Stopped by Ilya Sorokin with a rebound.
14:44 of 1st period - Slapshot by Aaron Ekblad.
14:44 of 1st period - Stopped by Ilya Sorokin without a rebound.
14:45 of 1st period - Anthony Cirelli wins face-off versus Connor McDavid in Chicago Black Hawks zone.
16:02 of 1st period - Icing by Ryan Nugent-Hopkins.
16:03 of 1st period - Connor McDavid wins face-off versus Anthony Cirelli in Winnipeg Jets zone.
16:08 of 1st period - Brent Burns is hit by Brandon Montour and loses puck.
16:23 of 1st period - Slapshot by Dylan Larkin.
16:23 of 1st period - Shot Misses the Net.
16:25 of 1st period - Slapshot by Brandon Montour.
16:25 of 1st period - Stopped by Ilya Sorokin with a rebound.
16:27 of 1st period - Slapshot by Brandon Montour.
16:27 of 1st period - Stopped by Ilya Sorokin without a rebound.
16:28 of 1st period - Dylan Larkin wins face-off versus Anthony Cirelli in Chicago Black Hawks zone.
16:35 of 1st period - Penalty to Mikhail Sergachev is over, Mikhail Sergachev is back on ice.
18:13 of 1st period - Snap shot by Dylan Larkin.
18:13 of 1st period - Shot Blocked by Rasmus Andersson.
18:15 of 1st period - Wrist shot by Mathew Barzal.
18:15 of 1st period - Stopped by Ilya Sorokin without a rebound.
18:16 of 1st period - Bo Horvat wins face-off versus Connor McDavid in Chicago Black Hawks zone.
18:29 of 1st period - Wrist shot by Connor McDavid.
18:29 of 1st period - Stopped by Ilya Sorokin without a rebound.
18:30 of 1st period - Connor McDavid wins face-off versus Chris Kreider in Chicago Black Hawks zone.
18:31 of 1st period - Snap shot by Ryan Nugent-Hopkins.
18:31 of 1st period - Shot Misses the Net.
18:33 of 1st period - Snap shot by Connor McDavid.
18:33 of 1st period - Winnipeg Jets goal is going for a video replay.
18:33 of 1st period - The goal is good.
18:33 of 1st period - Goal by Connor McDavid - Chicago Black Hawks : 1 - Winnipeg Jets : 3.
18:34 of 1st period - Connor McDavid wins face-off versus Steven Stamkos in neutral zone.
18:39 of 1st period - Snap shot by Connor McDavid.
18:39 of 1st period - Shot Misses the Net.
18:41 of 1st period - Penalty Shot by Devon Toews for Chicago Black Hawks.
18:41 of 1st period - Snap shot by Devon Toews.
18:41 of 1st period - Shot Misses the Net.
18:42 of 1st period - Connor McDavid wins face-off versus Steven Stamkos in Chicago Black Hawks zone.
18:45 of 1st period - Wrist shot by Connor McDavid.
18:45 of 1st period - Shot Blocked by Devon Toews.
18:49 of 1st period - Snap shot by Connor McDavid.
18:49 of 1st period - Shot Misses the Net.
18:51 of 1st period - Slapshot by Aaron Ekblad.
18:51 of 1st period - Shot Misses the Net.
18:53 of 1st period - Slapshot by Mark Stone.
18:53 of 1st period - Stopped by Ilya Sorokin without a rebound.
18:54 of 1st period - Steven Stamkos wins face-off versus Connor McDavid in Chicago Black Hawks zone.
19:11 of 1st period - Wrist shot by Chris Kreider.
19:11 of 1st period - Shot Misses the Net.
Goals for this period are 1 for Chicago Black Hawks vs 3 for Winnipeg Jets.
Shots for this period are 12 for Chicago Black Hawks vs 15 for Winnipeg Jets.
2nd period
0:01 of 2nd period - Connor McDavid wins face-off versus Matthew Tkachuk in neutral zone.
0:14 of 2nd period - Aaron Ekblad is hit by Matthew Tkachuk and loses puck.
0:52 of 2nd period - Slapshot by Nick Suzuki.
0:52 of 2nd period - Stopped by Ilya Sorokin without a rebound.
0:53 of 2nd period - Nick Suzuki wins face-off versus Phillip Danault in Chicago Black Hawks zone.
1:04 of 2nd period - Snap shot by Andrew Copp.
1:04 of 2nd period - Shot Blocked by Nikolaj Ehlers.
1:08 of 2nd period - Snap shot by Andrew Copp.
1:08 of 2nd period - Shot Misses the Net.
1:10 of 2nd period - Wrist shot by Nick Suzuki.
1:10 of 2nd period - Shot Blocked by Brent Burns.
1:12 of 2nd period - Wrist shot by Brandon Montour.
1:12 of 2nd period - Stopped by Ilya Sorokin with a rebound.
1:20 of 2nd period - Wrist shot by Andrew Copp.
1:20 of 2nd period - Stopped by Ilya Sorokin without a rebound.
1:21 of 2nd period - Steven Stamkos wins face-off versus Connor McDavid in Chicago Black Hawks zone.
1:23 of 2nd period - Minor Penalty to Rasmus Ristolainen for Hooking.
1:24 of 2nd period - Connor McDavid wins face-off versus Anthony Cirelli in Chicago Black Hawks zone.
1:26 of 2nd period - Snap shot by Mark Stone.
1:26 of 2nd period - Stopped by Ilya Sorokin without a rebound.
1:27 of 2nd period - Anthony Cirelli wins face-off versus Connor McDavid in Chicago Black Hawks zone.
2:27 of 2nd period - Tyler Toffoli is hit by Andrew Peeke and loses puck.
3:23 of 2nd period - Penalty to Rasmus Ristolainen is over, Rasmus Ristolainen is back on ice.
3:34 of 2nd period - Wrist shot by Andrew Copp.
3:34 of 2nd period - Goal by Andrew Copp - Chicago Black Hawks : 1 - Winnipeg Jets : 4.
3:35 of 2nd period - Steven Stamkos wins face-off versus Nick Suzuki in neutral zone.
3:47 of 2nd period - Snap shot by Chris Kreider.
3:47 of 2nd period - Shot Blocked by Seth Jones.
3:49 of 2nd period - Slapshot by Brent Burns.
3:49 of 2nd period - Shot Misses the Net.
3:51 of 2nd period - Snap shot by Chris Kreider.
3:51 of 2nd period - Shot Misses the Net.
4:26 of 2nd period - Wrist shot by Dylan Larkin.
4:26 of 2nd period - Stopped by Ilya Sorokin without a rebound.
4:27 of 2nd period - Connor McDavid wins face-off versus Steven Stamkos in Chicago Black Hawks zone.
4:57 of 2nd period - Mark Stone is hit by Rasmus Andersson and loses puck.
5:14 of 2nd period - Snap shot by Connor McDavid.
5:14 of 2nd period - Shot Misses the Net.
5:16 of 2nd period - Slapshot by Ryan Nugent-Hopkins.
5:16 of 2nd period - Shot Blocked by Andrew Peeke.
5:34 of 2nd period - Snap shot by Ryan Nugent-Hopkins.
5:34 of 2nd period - Shot Misses the Net.
5:50 of 2nd period - Snap shot by Mark Stone.
5:50 of 2nd period - Stopped by Ilya Sorokin without a rebound.
5:51 of 2nd period - Steven Stamkos wins face-off versus Dylan Larkin in Chicago Black Hawks zone.
6:45 of 2nd period - Slapshot by Kyle Palmieri.
6:45 of 2nd period - Shot Misses the Net.
6:47 of 2nd period - Slapshot by Andrew Cogliano.
6:47 of 2nd period - Shot Blocked by Rasmus Ristolainen.
7:21 of 2nd period - Matt Duchene is hit by Pius Suter and loses puck.
7:36 of 2nd period - Snap shot by Mathew Barzal.
7:36 of 2nd period - Stopped by Ilya Sorokin without a rebound.
7:37 of 2nd period - Dylan Larkin wins face-off versus Phillip Danault in Chicago Black Hawks zone.
7:38 of 2nd period - Snap shot by Mathew Barzal.
7:38 of 2nd period - Shot Misses the Net.
8:00 of 2nd period - Wrist shot by Tom Wilson.
8:00 of 2nd period - Deflect By Nikolaj Ehlers.
8:00 of 2nd period - Stopped by Connor Hellebuyck without a rebound.
8:01 of 2nd period - Connor McDavid wins face-off versus Steven Stamkos in Winnipeg Jets zone.
8:11 of 2nd period - Minor Penalty to Connor McDavid for High sticking.
8:12 of 2nd period - Steven Stamkos wins face-off versus Pius Suter in Winnipeg Jets zone.
8:27 of 2nd period - Snap shot by Steven Stamkos.
8:27 of 2nd period - Stopped by Connor Hellebuyck without a rebound.
8:28 of 2nd period - Pius Suter wins face-off versus Steven Stamkos in Winnipeg Jets zone.
8:28 of 2nd period - Pius Suter is hit by Steven Stamkos.
8:34 of 2nd period - Slapshot by Steven Stamkos.
8:34 of 2nd period - Stopped by Connor Hellebuyck without a rebound.
8:35 of 2nd period - Pius Suter wins face-off versus Matt Duchene in Winnipeg Jets zone.
9:09 of 2nd period - Slapshot by Brent Burns.
9:09 of 2nd period - Shot Blocked by Jacob Trouba.
10:11 of 2nd period - Penalty to Connor McDavid is over, Connor McDavid is back on ice.
10:45 of 2nd period - Slapshot by Nikolaj Ehlers.
10:45 of 2nd period - Stopped by Connor Hellebuyck with a rebound.
11:05 of 2nd period - Off-side.
11:06 of 2nd period - Dylan Larkin wins face-off versus Bo Horvat in neutral zone.
12:18 of 2nd period - Devon Toews is hit by Brandon Montour and loses puck.
12:46 of 2nd period - Icing by Tom Wilson.
12:47 of 2nd period - Phillip Danault wins face-off versus Connor McDavid in Chicago Black Hawks zone.
13:38 of 2nd period - Icing by Andrew Peeke.
13:39 of 2nd period - Bo Horvat wins face-off versus Nick Suzuki in Chicago Black Hawks zone.
13:39 of 2nd period - Bo Horvat is hit by Andrew Copp.
13:42 of 2nd period - Icing by Matt Duchene.
13:43 of 2nd period - Nick Suzuki wins face-off versus Bo Horvat in Chicago Black Hawks zone.
13:46 of 2nd period - Wrist shot by Nick Suzuki.
13:46 of 2nd period - Stopped by Ilya Sorokin without a rebound.
13:47 of 2nd period - Connor McDavid wins face-off versus Matthew Tkachuk in Chicago Black Hawks zone.
13:54 of 2nd period - Wrist shot by Matthew Tkachuk.
13:54 of 2nd period - Deflect By Steven Stamkos.
13:54 of 2nd period - Shot Blocked by Connor McDavid.
13:54 of 2nd period - Puck is out of play.
13:55 of 2nd period - Steven Stamkos wins face-off versus Connor McDavid in Winnipeg Jets zone.
13:56 of 2nd period - Wrist shot by Matthew Tkachuk.
13:56 of 2nd period - Deflect By Ryan Nugent-Hopkins.
13:56 of 2nd period - Shot Misses the Net.
13:56 of 2nd period - Puck is out of play.
13:57 of 2nd period - Connor McDavid wins face-off versus Steven Stamkos in Winnipeg Jets zone.
14:12 of 2nd period - Snap shot by Steven Stamkos.
14:12 of 2nd period - Stopped by Connor Hellebuyck with a rebound.
14:14 of 2nd period - Slapshot by Chris Kreider.
14:14 of 2nd period - Shot Misses the Net.
14:16 of 2nd period - Wrist shot by Steven Stamkos.
14:16 of 2nd period - Shot Misses the Net.
14:18 of 2nd period - Wrist shot by Steven Stamkos.
14:18 of 2nd period - Stopped by Connor Hellebuyck without a rebound.
14:19 of 2nd period - Dylan Larkin wins face-off versus Bo Horvat in Winnipeg Jets zone.
14:30 of 2nd period - Tyler Toffoli is hit by Bo Horvat.
14:55 of 2nd period - Chris Kreider is hit by Jacob Trouba and loses puck.
15:12 of 2nd period - Wrist shot by Jonathan Marchessault.
15:12 of 2nd period - Shot Misses the Net.
15:14 of 2nd period - Snap shot by Andrew Copp.
15:14 of 2nd period - Stopped by Ilya Sorokin with a rebound.
15:16 of 2nd period - Wrist shot by Brandon Montour.
15:16 of 2nd period - Deflect By Nick Suzuki.
15:16 of 2nd period - Shot Misses the Net.
15:16 of 2nd period - Puck is out of play.
15:17 of 2nd period - Nick Suzuki wins face-off versus Bo Horvat in Chicago Black Hawks zone.
15:24 of 2nd period - Slapshot by Travis Konecny.
15:24 of 2nd period - Stopped by Connor Hellebuyck with a rebound.
15:26 of 2nd period - Wrist shot by Bo Horvat.
15:26 of 2nd period - Shot Misses the Net.
15:28 of 2nd period - Slapshot by Rasmus Ristolainen.
15:28 of 2nd period - Deflect By Seth Jones.
15:28 of 2nd period - Stopped by Connor Hellebuyck with a rebound.
15:44 of 2nd period - Aaron Ekblad is hit by Steven Stamkos and loses puck.
16:46 of 2nd period - Icing by Andrew Cogliano.
16:47 of 2nd period - Bo Horvat wins face-off versus Pius Suter in Winnipeg Jets zone.
16:50 of 2nd period - Snap shot by Matt Duchene.
16:50 of 2nd period - Shot Misses the Net.
16:52 of 2nd period - Backhand shot by Mikhail Sergachev.
16:52 of 2nd period - Stopped by Connor Hellebuyck with a rebound.
16:54 of 2nd period - Slapshot by Mikhail Sergachev.
16:54 of 2nd period - Shot Misses the Net.
17:48 of 2nd period - Wrist shot by Tom Wilson.
17:48 of 2nd period - Shot Misses the Net.
17:57 of 2nd period - Icing by Mikhail Sergachev.
17:58 of 2nd period - Nick Suzuki wins face-off versus Anthony Cirelli in Chicago Black Hawks zone.
18:46 of 2nd period - Snap shot by Kyle Palmieri.
18:46 of 2nd period - Stopped by Ilya Sorokin without a rebound.
18:47 of 2nd period - Bo Horvat wins face-off versus Pius Suter in Chicago Black Hawks zone.
19:00 of 2nd period - Wrist shot by Travis Konecny.
19:00 of 2nd period - Stopped by Connor Hellebuyck with a rebound.
19:02 of 2nd period - Slapshot by Brent Burns.
19:02 of 2nd period - Shot Blocked by Jacob Trouba.
19:21 of 2nd period - Minor Penalty to Jacob Trouba for Hooking.
19:22 of 2nd period - Steven Stamkos wins face-off versus Pius Suter in Winnipeg Jets zone.
Goals for this period are 0 for Chicago Black Hawks vs 1 for Winnipeg Jets.
Shots for this period are 10 for Chicago Black Hawks vs 11 for Winnipeg Jets.
3rd period
0:01 of 3rd period - Steven Stamkos wins face-off versus Pius Suter in neutral zone.
0:12 of 3rd period - Wrist shot by Matt Duchene.
0:12 of 3rd period - Shot Misses the Net.
0:14 of 3rd period - Slapshot by Mikhail Sergachev.
0:14 of 3rd period - Stopped by Connor Hellebuyck with a rebound.
0:16 of 3rd period - Snap shot by Matt Duchene.
0:16 of 3rd period - Stopped by Connor Hellebuyck without a rebound.
0:17 of 3rd period - Steven Stamkos wins face-off versus Pius Suter in Winnipeg Jets zone.
0:22 of 3rd period - Wrist shot by Chris Kreider.
0:22 of 3rd period - Goal by Chris Kreider - Chicago Black Hawks : 2 - Winnipeg Jets : 4.
0:23 of 3rd period - Steven Stamkos wins face-off versus Connor McDavid in neutral zone.
0:50 of 3rd period - Chris Kreider is hit by Nick Suzuki and loses puck.
0:57 of 3rd period - Slapshot by Brent Burns.
0:57 of 3rd period - Stopped by Connor Hellebuyck with a rebound.
0:59 of 3rd period - Slapshot by Steven Stamkos.
0:59 of 3rd period - Shot Blocked by Jonathan Marchessault.
1:01 of 3rd period - Slapshot by Matthew Tkachuk.
1:01 of 3rd period - Shot Misses the Net.
1:03 of 3rd period - Slapshot by Matthew Tkachuk.
1:03 of 3rd period - Shot Misses the Net.
1:05 of 3rd period - Slapshot by Steven Stamkos.
1:05 of 3rd period - Shot Blocked by Andrew Copp.
1:07 of 3rd period - Snap shot by Chris Kreider.
1:07 of 3rd period - Stopped by Connor Hellebuyck without a rebound.
1:08 of 3rd period - Connor McDavid wins face-off versus Bo Horvat in Winnipeg Jets zone.
1:21 of 3rd period - Snap shot by Mark Stone.
1:21 of 3rd period - Shot Blocked by Brent Burns.
2:29 of 3rd period - Slapshot by Seth Jones.
2:29 of 3rd period - Stopped by Ilya Sorokin without a rebound.
2:30 of 3rd period - Connor McDavid wins face-off versus Steven Stamkos in Chicago Black Hawks zone.
2:57 of 3rd period - Seth Jones is hit by Andrew Peeke and loses puck.
3:04 of 3rd period - Slapshot by Seth Jones.
3:04 of 3rd period - Stopped by Ilya Sorokin without a rebound.
3:05 of 3rd period - Dylan Larkin wins face-off versus Bo Horvat in Chicago Black Hawks zone.
3:21 of 3rd period - Icing by Matt Duchene.
3:22 of 3rd period - Bo Horvat wins face-off versus Connor McDavid in Chicago Black Hawks zone.
3:27 of 3rd period - Wrist shot by Mikhail Sergachev.
3:27 of 3rd period - Stopped by Connor Hellebuyck with a rebound.
3:29 of 3rd period - Snap shot by Mikhail Sergachev.
3:29 of 3rd period - Stopped by Connor Hellebuyck with a rebound.
3:31 of 3rd period - Wrist shot by Matt Duchene.
3:31 of 3rd period - Goal by Matt Duchene - Chicago Black Hawks : 3 - Winnipeg Jets : 4.
3:32 of 3rd period - Connor McDavid wins face-off versus Steven Stamkos in neutral zone.
3:38 of 3rd period - Minor Penalty to Matthew Tkachuk for Hooking.
3:39 of 3rd period - Anthony Cirelli wins face-off versus Connor McDavid in Chicago Black Hawks zone.
5:38 of 3rd period - Penalty to Matthew Tkachuk is over, Matthew Tkachuk is back on ice.
5:42 of 3rd period - Matthew Tkachuk is hit by Seth Jones and loses puck.
6:12 of 3rd period - Snap shot by Andrew Copp.
6:12 of 3rd period - Shot Misses the Net.
6:22 of 3rd period - Slapshot by Kyle Palmieri.
6:22 of 3rd period - Deflect By Pius Suter.
6:22 of 3rd period - Shot Blocked by Rasmus Andersson.
6:22 of 3rd period - Puck is out of play.
6:23 of 3rd period - Phillip Danault wins face-off versus Nick Suzuki in Chicago Black Hawks zone.
6:23 of 3rd period - Phillip Danault is hit by Jonathan Marchessault.
6:37 of 3rd period - Snap shot by Nick Suzuki.
6:37 of 3rd period - Stopped by Ilya Sorokin without a rebound.
6:38 of 3rd period - Connor McDavid wins face-off versus Steven Stamkos in Chicago Black Hawks zone.
6:39 of 3rd period - Wrist shot by Mark Stone.
6:39 of 3rd period - Deflect By Connor McDavid.
6:39 of 3rd period - Stopped by Ilya Sorokin without a rebound.
6:40 of 3rd period - Steven Stamkos wins face-off versus Connor McDavid in Chicago Black Hawks zone.
7:07 of 3rd period - Matt Duchene is hit by Tyler Toffoli and loses puck.
7:19 of 3rd period - Mikhail Sergachev is hit by Mathew Barzal and loses puck.
8:00 of 3rd period - Wrist shot by Steven Stamkos.
8:00 of 3rd period - Stopped by Connor Hellebuyck with a rebound.
8:02 of 3rd period - Snap shot by Chris Kreider.
8:02 of 3rd period - Shot Misses the Net.
8:04 of 3rd period - Wrist shot by Matthew Tkachuk.
8:04 of 3rd period - Shot Hit the Post.
8:06 of 3rd period - Slapshot by Brent Burns.
8:06 of 3rd period - Stopped by Connor Hellebuyck without a rebound.
8:07 of 3rd period - Bo Horvat wins face-off versus Connor McDavid in Winnipeg Jets zone.
8:24 of 3rd period - Wrist shot by Ryan Nugent-Hopkins.
8:24 of 3rd period - Goal by Ryan Nugent-Hopkins - Chicago Black Hawks : 3 - Winnipeg Jets : 5.
8:25 of 3rd period - Steven Stamkos wins face-off versus Connor McDavid in neutral zone.
8:55 of 3rd period - Wrist shot by Jonathan Marchessault.
8:55 of 3rd period - Shot Misses the Net.
8:57 of 3rd period - Slapshot by John Klingberg.
8:57 of 3rd period - Stopped by Ilya Sorokin with a rebound.
9:34 of 3rd period - Brent Burns is hit by Dylan Larkin and loses puck.
10:05 of 3rd period - Backhand shot by Steven Stamkos.
10:05 of 3rd period - Shot Misses the Net.
10:07 of 3rd period - Wrist shot by Matthew Tkachuk.
10:07 of 3rd period - Shot Misses the Net.
10:09 of 3rd period - Snap shot by Steven Stamkos.
10:09 of 3rd period - Goal by Steven Stamkos - Chicago Black Hawks : 4 - Winnipeg Jets : 5.
10:10 of 3rd period - Connor McDavid wins face-off versus Bo Horvat in neutral zone.
10:26 of 3rd period - Minor Penalty to Aaron Ekblad for Interference.
10:27 of 3rd period - Bo Horvat wins face-off versus Pius Suter in Winnipeg Jets zone.
11:31 of 3rd period - Slapshot by Mikhail Sergachev.
11:31 of 3rd period - Deflect By Matt Duchene.
11:31 of 3rd period - Stopped by Connor Hellebuyck without a rebound.
11:32 of 3rd period - Pius Suter wins face-off versus Tom Wilson in Winnipeg Jets zone.
11:38 of 3rd period - Icing by Nikolaj Ehlers.
11:39 of 3rd period - Pius Suter wins face-off versus Tom Wilson in Chicago Black Hawks zone.
12:26 of 3rd period - Penalty to Aaron Ekblad is over, Aaron Ekblad is back on ice.
12:33 of 3rd period - Slapshot by Nikolaj Ehlers.
12:33 of 3rd period - Stopped by Connor Hellebuyck without a rebound.
12:34 of 3rd period - Connor McDavid wins face-off versus Steven Stamkos in Winnipeg Jets zone.
12:41 of 3rd period - Rasmus Andersson is hit by Jacob Trouba and loses puck.
13:09 of 3rd period - Snap shot by Mathew Barzal.
13:09 of 3rd period - Shot Misses the Net.
13:11 of 3rd period - Wrist shot by Tyler Toffoli.
13:11 of 3rd period - Stopped by Ilya Sorokin without a rebound.
13:12 of 3rd period - Steven Stamkos wins face-off versus Connor McDavid in Chicago Black Hawks zone.
14:05 of 3rd period - Snap shot by Nikolaj Ehlers.
14:05 of 3rd period - Stopped by Connor Hellebuyck with a rebound.
14:07 of 3rd period - Slapshot by Rasmus Ristolainen.
14:07 of 3rd period - Shot Misses the Net.
14:09 of 3rd period - Slapshot by Nikolaj Ehlers.
14:09 of 3rd period - Shot Blocked by Jacob Trouba.
14:31 of 3rd period - Slapshot by Connor McDavid.
14:31 of 3rd period - Stopped by Ilya Sorokin without a rebound.
14:32 of 3rd period - Connor McDavid wins face-off versus Steven Stamkos in Chicago Black Hawks zone.
14:37 of 3rd period - Wrist shot by Ryan Nugent-Hopkins.
14:37 of 3rd period - Shot Blocked by Devon Toews.
14:49 of 3rd period - Slapshot by Steven Stamkos.
14:49 of 3rd period - Goal by Steven Stamkos - Chicago Black Hawks : 5 - Winnipeg Jets : 5.
14:50 of 3rd period - Steven Stamkos wins face-off versus Connor McDavid in neutral zone.
15:01 of 3rd period - Snap shot by Ryan Nugent-Hopkins.
15:01 of 3rd period - Stopped by Ilya Sorokin with a rebound.
15:03 of 3rd period - Slapshot by Seth Jones.
15:03 of 3rd period - Shot Blocked by Steven Stamkos.
15:05 of 3rd period - Slapshot by Mark Stone.
15:05 of 3rd period - Shot Blocked by Brent Burns.
15:07 of 3rd period - Snap shot by Seth Jones.
15:07 of 3rd period - Stopped by Ilya Sorokin without a rebound.
15:08 of 3rd period - Phillip Danault wins face-off versus Nick Suzuki in Chicago Black Hawks zone.
15:10 of 3rd period - Minor Penalty to Brent Burns for Hooking.
15:11 of 3rd period - Connor McDavid wins face-off versus Anthony Cirelli in Chicago Black Hawks zone.
15:11 of 3rd period - Wrist shot by Ryan Nugent-Hopkins.
15:11 of 3rd period - Deflect By Connor McDavid.
15:11 of 3rd period - Shot Misses the Net.
15:11 of 3rd period - Puck is out of play.
15:12 of 3rd period - Connor McDavid wins face-off versus Anthony Cirelli in Chicago Black Hawks zone.
15:13 of 3rd period - Snap shot by Ryan Nugent-Hopkins.
15:13 of 3rd period - Stopped by Ilya Sorokin without a rebound.
15:14 of 3rd period - Connor McDavid wins face-off versus Anthony Cirelli in Chicago Black Hawks zone.
15:21 of 3rd period - Wrist shot by Ryan Nugent-Hopkins.
15:21 of 3rd period - Shot Misses the Net.
15:27 of 3rd period - Snap shot by Mark Stone.
15:27 of 3rd period - Stopped by Ilya Sorokin without a rebound.
15:28 of 3rd period - Connor McDavid wins face-off versus Anthony Cirelli in Chicago Black Hawks zone.
16:05 of 3rd period - Slapshot by Dylan Larkin.
16:05 of 3rd period - Stopped by Ilya Sorokin with a rebound.
16:31 of 3rd period - Seth Jones is hit by Devon Toews and loses puck.
16:44 of 3rd period - Mark Stone is hit by Bo Horvat.
17:10 of 3rd period - Penalty to Brent Burns is over, Brent Burns is back on ice.
17:14 of 3rd period - Snap shot by Nick Suzuki.
17:14 of 3rd period - Deflect By Andrew Copp.
17:14 of 3rd period - Stopped by Ilya Sorokin with a rebound.
17:16 of 3rd period - Slapshot by Andrew Copp.
17:16 of 3rd period - Stopped by Ilya Sorokin without a rebound.
17:17 of 3rd period - Nick Suzuki wins face-off versus Phillip Danault in Chicago Black Hawks zone.
18:21 of 3rd period - Snap shot by Kyle Palmieri.
18:21 of 3rd period - Shot Misses the Net.
18:46 of 3rd period - Off-side.
18:47 of 3rd period - Nick Suzuki wins face-off versus Phillip Danault in neutral zone.
18:56 of 3rd period - Slapshot by Jonathan Marchessault.
18:56 of 3rd period - Shot Misses the Net.
18:58 of 3rd period - Minor Penalty to Devon Toews for Roughing.
18:59 of 3rd period - Anthony Cirelli wins face-off versus Connor McDavid in Chicago Black Hawks zone.
19:58 of 3rd period - Snap shot by Dylan Larkin.
19:58 of 3rd period - Goal by Dylan Larkin - Chicago Black Hawks : 5 - Winnipeg Jets : 6.
19:59 of 3rd period - Steven Stamkos wins face-off versus Pius Suter in neutral zone.
Goals for this period are 4 for Chicago Black Hawks vs 2 for Winnipeg Jets.
Shots for this period are 15 for Chicago Black Hawks vs 16 for Winnipeg Jets.
Back to the Top